 Dungeon Crawl Stone Soup version 0.30-a0-824-g6c64550be9 (webtiles) character file.

Game seed: 13396978047728694166

101 omnomnOMINOUS the Grave Robber (level 4, 0/30 HPs)
             Began as an Octopode Wanderer on Feb 27, 2023.
             Slain by an adder (2 damage)
             ... on level 3 of the Dungeon.
             The game lasted 00:04:28 (1736 turns).

omnomnOMINOUS the Grave Robber (Octopode Wanderer)  Turns: 1736, Time: 00:04:29

Health: 0/30       AC:  1    Str:  7 (9)  XL:     4   Next: 75%
Magic:  8/8        EV: 13    Int: 17      God:
Gold:   111        SH:  0    Dex: 12      Spells: 7/8 levels left

rFire   . . .      SeeInvis .    a - +0 rapier
rCold   . . .      Faith    .    (no shield)
rNeg    . . .      Spirit   .    (helmet restricted)
rPois   .          Reflect  .    (no amulet)
rElec   .          Harm     .    (no ring)
rCorr   .          Rampage  .    (no ring)
Will    .....                    (no ring)
Stlth   +++                      (no ring)
HPRegen 0.25/turn                (no ring)
MPRegen 0.11/turn                (no ring)
                                 (no ring)
                                 (no ring)

@: mighty, lethally poisoned (0 -> -5), attractive
A: almost no armour, amphibious, 8 rings, camouflage 1, gelatinous body 1,
(nimble swimmer 1), tentacles
a: no special abilities


You were on level 3 of the Dungeon.
You visited 1 branch of the dungeon, and saw 3 of its levels.

You collected 111 gold pieces.

Inventory:

Hand Weapons
 a - a +0 rapier (weapon)
 b - a +0 whip
Missiles
 e - 8 poisoned darts
 m - 3 curare-tipped darts (quivered)
Wands
 c - a wand of roots (5)
 i - a wand of polymorph (4)
Scrolls
 d - a scroll of enchant armour {unknown}
 f - a scroll of amnesia {unknown}
 g - a scroll of magic mapping
 h - a scroll of poison
 o - a scroll of identify {unknown}
Potions
 n - a potion of brilliance {unknown}


   Skills:
 + Level 2.4 Fighting
 - Level 1.0 Short Blades
 + Level 2.4 Dodging
 - Level 1.3 Stealth
 + Level 2.7 Spellcasting
 - Level 4.0 Necromancy
 - Level 2.1 Evocations


You had 7 spell levels left.
You knew the following spells:

 Your Spells              Type           Power      Damage    Failure   Level
a - Necrotise             Necr           60%        1d7       3%          1

Your spell library contained the following spells:

 Spells                   Type           Power      Damage    Failure   Level
 Vampiric Draining        Necr           15%        2d7       11%         3
 Dispel Undead            Necr           15%        3d10      34%         4


Dungeon Overview and Level Annotations

Branches:
Dungeon (3/15)

Altars:


Innate Abilities, Weirdness & Mutations

You cannot wear most types of armour.
You are amphibious.
You can wear up to eight rings at the same time.
Your skin changes colour to match your surroundings (Stealth+).
Your rubbery body absorbs attacks. (AC +1, EV +1)
((You are camouflaged when in or above water. (Stealth+)))
You have tentacles for arms and can constrict up to eight enemies at once.


Message History

e - 8 poisoned darts (gained 2)
Found a stone staircase leading down.
An adder comes into view.
Found a scroll labelled MEBIJO UG IJONN.
An adder is nearby!
An adder is nearby!
An adder is nearby!
An adder is nearby!
You barely miss the adder. Your grab misses the adder. The adder bites you. x2
You are poisoned.
The adder poisons you!
You barely miss the adder. Your grab misses the adder.
You feel sick. The adder bites you.
You are more poisoned.
The adder poisons you!
You hit the adder. Your grab misses the adder. Your squeeze misses the adder.
The adder is lightly wounded.
You feel very sick. The adder bites you.
You are too injured to fight recklessly!
You are too injured to fight recklessly!
It was a potion of attraction.
You feel attractive to monsters.
You feel sick. The adder bites you.
It was a potion of might.
You feel very mighty all of a sudden.
You feel sick. The adder bites you but does no damage.
The adder closely misses you. The adder bites you.
* * * LOW HITPOINT WARNING * * *
It was a potion of magic.
Magic courses through your body.
You feel sick. The adder completely misses you. The adder bites you.
* * * LOW HITPOINT WARNING * * *
You are lethally poisoned!
The adder poisons you! The adder barely misses you.
You closely miss the adder. Your grab misses the adder.
The adder is lightly wounded.
* * * LOW HITPOINT WARNING * * *
You feel very sick. The adder bites you.
You die...

#.# ..# #.# ..##.#####.#
#........#.#
...#.......##
.#.#........#
...#.....#..######
#.#......#.......#######
........(#.#####@S......
.#.#.....#.# ##S.>....
...........# .......
#.#..####.## ....?..
...### #.# ....... .#.#
#.# ....... ..## #.#
....... #.# #.# .......
.## ... ###..


You could see 2 adders.

Vanquished Creatures
  Jessica (D:2)
  Terence (D:2)
  An adder (D:2)
  2 worms (D:2)
  A dart slug (D:2)
  2 ball pythons
  3 endoplasms
  10 goblins
  4 hobgoblins
  A kobold (D:1)
  A quokka (D:1)
  A bat (D:2)
  5 rats
33 creatures vanquished.

Vanquished Creatures (others)
  A fungus (D:3)
1 creature vanquished.

Grand Total: 34 creatures vanquished

Notes
Turn   | Place    | Note
-------+----------+-------------------------------------------
     0 | D:1      | omnomnOMINOUS the Octopode Wanderer began the quest for the
                  | Orb.
     0 | D:1      | omnomnOMINOUS set off with the following items: a +0 short
                  | sword, a wand of polymorph (4), a potion of curing; and the
                  | following spell memorised: Necrotise; and the following
                  | spells available to memorise: Vampiric Draining, Dispel
                  | Undead.
     0 | D:1      | Reached XP level 1. HP: 11/11 MP: 3/3
   246 | D:1      | Reached skill level 1 in Fighting
   246 | D:1      | Reached skill level 1 in Dodging
   246 | D:1      | Reached XP level 2. HP: 18/18 MP: 5/5
   887 | D:2      | Reached XP level 3. HP: 15/23 MP: 1/6
  1150 | D:2      | Noticed Jessica
  1163 | D:2      | Killed Jessica
  1164 | D:2      | Reached XP level 4. HP: 5/29 MP: 5/7
  1331 | D:2      | Noticed Terence
  1352 | D:2      | Killed Terence
  1736 | D:3      | Slain by an adder

Illustrated notes

Levels and vault maps discovered:
D:1:      ncdulo_wetmaze, layout_basic
D:2:      kennysheep_the_goblin_king, layout_rooms, uniq_jessica, uniq_terence
D:3:      layout_rooms, mainiacjoe_overflow_boulevard, ebering_ghost_sewer_d,
          hex_medium, bh_walls_and_bars

Skill      XL: |  1  2  3 |
---------------+----------+-----
Fighting       | 1 2 |  2.4
Dodging        | 1 2 |  2.4
Short Blades   | |  1.0
Stealth        | |  1.3
Spellcasting   | |  2.7
Necromancy     | |  4.0
Evocations     | |  2.1

Action                     |  1- 3 |  4- 6 || total
---------------------------+-------+-------++-------
  Melee: Short sword       |    29 |       ||    29
         Constrict         |    10 |     6 ||    16
         Tentacles         |     6 |     7 ||    13
         Whip              |    10 |    25 ||    35
         Rapier            |       |     5 ||     5
  Throw: Dart              |       |     8 ||     8
   Cast: Necrotise         |    20 |       ||    20
    Use: Potion            |     3 |     3 ||     6
         Scroll            |       |     2 ||     2
   Stab: Sleeping          |     6 |       ||     6
 Armour: Skin              |     6 |     2 ||     8
  Dodge: Dodged            |    28 |    19 ||    47

Table legend: (Time is in decaauts)
 A = Elapsed time spent in this place.
 B = Non-inter-level travel time spent in this place.
 C = Inter-level travel time spent in this place.
 D = Time resting spent in this place.
 E = Time spent auto-exploring this place.
 F = Levels seen in this place.
 G = Mean time per level.
                   A        B        C        D        E       F      G
               +--------+--------+--------+--------+--------+-----+--------+
         Total |   1719 |   1641 |     78 |    214 |   1080 |   3 |  573.0 |
       Dungeon |   1719 |   1641 |     78 |    214 |   1080 |   3 |  573.0 |
               +--------+--------+--------+--------+--------+-----+--------+

Top non-repeatable levels by time:
     D:2: 855 daAuts
     D:1: 739 daAuts
     D:3: 123 daAuts
